 Dungeon Crawl Stone Soup version 0.27.0-1-g7a089689b8 (webtiles) character file.

Game seed: 6435338997590238315

44 ryw the Skirmisher (level 3, 0/30 HPs)
             Began as a Demonspawn Monk on Aug 12, 2021.
             Slain by a black bear (4 damage)
             ... on level 2 of the Dungeon.
             The game lasted 00:02:06 (1535 turns).

ryw the Skirmisher (Demonspawn Monk)                Turns: 1535, Time: 00:02:07

Health: 0/30       AC:  2    Str: 14    XL:     3   Next: 39%
Magic:  3/3        EV: 12    Int: 11    God:
Gold:   52         SH:  0    Dex: 15    Spells: 2/2 levels left

rFire    . . .     SeeInvis .     - Unarmed
rCold    . . .     Faith    .   (no shield)
rNeg     . . .     Spirit   .   a - +0 robe
rPois    .         Reflect  .   (no helmet)
rElec    .         Harm     .   d - scarf {+Inv}
rCorr    .         Rampage  .   (no gloves)
Will     .....                  (no boots)
Stlth    ++........             (no amulet)
HPRegen  0.10/turn              (no ring)
MPRegen  0.08/turn              (no ring)

@: no status effects
A: hooves 2, strong 1
a: Evoke Invisibility


You were on level 2 of the Dungeon.
You visited 1 branch of the dungeon, and saw 2 of its levels.

You collected 52 gold pieces.

Inventory:

Missiles
 b - 39 stones (quivered)
Armour
 a - a +0 robe (worn)
 d - a scarf of invisibility (worn)
Scrolls
 c - a scroll of fear {unknown}
 e - a scroll of enchant armour {unknown}
 f - a scroll of holy word {unknown}
 g - a scroll of noise {unknown}
 h - a scroll of identify {unknown}


   Skills:
 + Level 3.8 Fighting
 - Level 2.6 Dodging
 + Level 2.9 Stealth
 - Level 2.6 Unarmed Combat


You had 2 spell levels left.
You didn't know any spells.
Your spell library was empty.

Dungeon Overview and Level Annotations

Branches:
Dungeon (2/15)

Altars:


Innate Abilities, Weirdness & Mutations

You have hoof-like feet.
Your muscles are strong. (Str +2)


Message History

A quokka comes into view.
The quokka moves out of view.
Found a stone staircase leading down.
i - a murky golden potion No target in view!
A black bear comes into view.
The black bear growls angrily.
You closely miss the quokka. The quokka closely misses you.
You hit the quokka. You kick the quokka, but do no damage.
The quokka is almost dead.
The quokka completely misses you.
You hit the quokka.
You kill the quokka!
You completely miss the black bear. Your kick misses the black bear.
The black bear bites you. The black bear claws you. x2
You hit the black bear but do no damage.
You kick the black bear.
The black bear is lightly wounded.
The black bear bites you. The black bear barely misses you.
The black bear closely misses you.
You hit the black bear. You kick the black bear.
The black bear is moderately wounded.
The black bear misses you. The black bear claws you.
The black bear barely misses you.
You are too injured to fight recklessly!
You are too injured to fight recklessly!
You are too injured to fight recklessly!
You are too injured to fight recklessly!
Unknown command.
It was a potion of mutation.
You feel extremely strange.
You feel stronger.
Your feet thicken and deform.
The black bear closely misses you. The black bear claws you. x2
You hit the black bear but do no damage.
You kick the black bear.
The black bear is moderately wounded.
The black bear bites you.
* * * LOW HITPOINT WARNING * * *
The black bear claws you but does no damage.
The black bear claws you.
You die...

#.#.......#
#.........#
##.##.#####
#.##.#
#..#.#
##.#.#
#...#
##..##
#..@# #.h.#
.......
#.####..#.
..>..#
..... .
########


You could see a black bear.

Vanquished Creatures
  A gnoll (D:1)
  A ball python (D:2)
  6 endoplasms
  3 giant cockroaches
  4 goblins
  2 hobgoblins
  3 jackals (D:1)
  2 quokkas (D:2)
  2 bats (D:1)
  3 frilled lizards
  2 rats (D:1)
29 creatures vanquished.

Notes
Turn   | Place    | Note
-------+----------+-------------------------------------------
     0 | D:1      | ryw the Demonspawn Monk began the quest for the Orb.
     0 | D:1      | Reached XP level 1. HP: 18/18 MP: 1/1
   229 | D:1      | Gained mutation: You have large cloven feet. [demonic
                  | ancestry]
   229 | D:1      | Reached XP level 2. HP: 11/24 MP: 2/2
  1046 | D:1      | Reached XP level 3. HP: 28/29 MP: 3/3
  1525 | D:2      | Noticed a black bear
  1534 | D:2      | Gained mutation: Your muscles are strong. (Str +2) [potion
                  | of mutation]
  1534 | D:2      | Gained mutation: You have hoof-like feet. [potion of
                  | mutation]
  1535 | D:2      | Slain by a black bear

Illustrated notes

Levels and vault maps discovered:
D:1:      minmay_arrival_wavy_path, layout_basic
D:2:      minmay_chambers_of_ones, layout_basic

Skill      XL: |  1 |
---------------+----+-----
Stealth        | 2 |  2.9
Fighting       | |  3.8
Dodging        | |  2.6
Unarmed Combat | |  2.6

Action                   || total
-------------------------++-------
Melee: Unarmed           ||    78
       Punch             ||     1
       Kick              ||    15
  Use: Potion            ||     1
 Stab: Sleeping          ||     3
Armor: Robe              ||     6
Dodge: Dodged            ||    38
